 Dungeon Crawl Stone Soup version 0.23.2-1-ga50397a (webtiles) character file.

Game seed: 2343388426774259114

4 Goblin1989 the Caller (level 1, 0/13 HPs)
             Began as a Demonspawn Summoner on Apr 22, 2019.
             Slain by a bat (1 damage)
             ... on level 1 of the Dungeon.
             The game lasted 00:00:35 (97 turns).

Goblin1989 the Caller (Demonspawn Summoner)           Turns: 97, Time: 00:00:36

Health: 0/13       AC:  2    Str:  8    XL:     1   Next: 50%
Magic:  2/3        EV: 12    Int: 16    God:
Gold:   0          SH:  0    Dex: 13    Spells: 3/4 levels left

rFire    . . .     SeeInvis .   h - +0 dagger
rCold    . . .     Gourm    .   (no shield)
rNeg     . . .     Faith    .   a - +0 robe
rPois    .         Spirit   .   (no helmet)
rElec    .         Reflect  .   (no cloak)
rCorr    .         Harm     .   (no gloves)
MR       .....                  (no boots)
Stlth    ++........             f - amulet of the acrobat
HPRegen  0.04/turn              (no ring)
MPRegen  0.08/turn              (no ring)

@: no status effects
A: no striking features
a: no special abilities


You were on level 1 of the Dungeon.
You were not hungry.

You visited 1 branch of the dungeon, and saw 1 of its levels.

Inventory:

Hand Weapons
 h - a +0 dagger (weapon)
Armour
 a - a +0 robe (worn)
Jewellery
 f - an amulet of the acrobat (around neck)
Scrolls
 g - a scroll of identify {unknown}
Comestibles
 e - a ration
 i - a chunk of flesh


   Skills:
 - Level 1.7 Dodging
 - Level 1.7 Stealth
 + Level 2.1 Spellcasting
 * Level 4.1 Summonings


You had 3 spell levels left.
You knew the following spells:

 Your Spells              Type           Power        Failure   Level  Hunger
a - Summon Small Mammal   Summ           ###.         3%          1    #......

Your spell library contained the following spells:

 Spells                   Type           Power        Failure   Level  Hunger
 Call Imp                 Summ           ###.....     5%          2    ###....
 Call Canine Familiar     Summ           ###.....     11%         3    ###....
 Summon Guardian Golem    Hex/Summ       #.......     26%         3    ###....
 Summon Ice Beast         Ice/Summ       #.......     65%         4    #####..
 Summon Lightning Spire   Summ/Air       #.......     65%         4    #####..


Dungeon Overview and Level Annotations

Branches:
Dungeon (1/15)

Altars:


Message History

Unknown command.
Casting: Summon Small Mammal (safe; 4% risk of failure)
Confirm with . or Enter, or press ? or * to list all spells.
You now have 0/3 mp.
Unknown command.
Wield which item (- for none, * to show all)? (? for menu, Esc to quit)
h - a +0 dagger (weapon)
Unknown command.
You hit the goblin but do no damage. The goblin hits you.
A goblin comes into view. It is wielding a +0 dagger.
You take 1 damage, and have 12/13 hp.
You closely miss the goblin. The goblin barely misses you.
You hit the goblin.
The goblin is severely wounded.
A bat comes into view.
The goblin closely misses you.
The bat moves out of view.
You barely miss the goblin.
The goblin is severely wounded.
The goblin closely misses you.
You hit the goblin but do no damage.
The goblin is severely wounded.
The goblin hits you.
You take 1 damage, and have 11/13 hp.
You miss the goblin.
The goblin is severely wounded.
The goblin hits you.
You take 3 damage, and have 8/13 hp.
MASSIVE DAMAGE!!
You barely miss the goblin.
The goblin is severely wounded.
The goblin barely misses you.
You hit the goblin.
You kill the goblin!
The bat barely misses you.
You hit the goblin.
The goblin is severely wounded.
The goblin hits you but does no damage.
You hit the goblin.
You kill the goblin!
The bat closely misses you. The bat barely misses you.
You hit the bat.
The bat is moderately wounded.
The bat misses you.
A bat comes into view.
You hit the ball python but do no damage.
The ball python misses you. The ball python barely misses you.
You closely miss the ball python.
The ball python bites you but does no damage.
The ball python grabs you. The ball python constricts you.
The ball python bites you.
* * * LOW HITPOINT WARNING * * *
The ball python constricts you.
You take 3 damage, and have 5/13 hp.
MASSIVE DAMAGE!!
You hit the ball python.
You kill the ball python!
The bat hits you.
* * * LOW HITPOINT WARNING * * *
A kobold comes into view. It is wielding a +0 whip.
You take 1 damage, and have 4/13 hp.
You closely miss the bat.
The bat is moderately wounded.
The bat closely misses you. The bat barely misses you.
You hit the bat but do no damage. The bat misses you.
You barely miss the bat.
The bat is moderately wounded.
The bat hits you but does no damage. The bat hits you.
* * * LOW HITPOINT WARNING * * *
You take 1 damage, and have 3/13 hp.
You closely miss the bat. The bat barely misses you.
You closely miss the bat.
The bat is moderately wounded.
The bat closely misses you.
You hit the bat.
The bat is severely wounded.
The bat hits you but does no damage. The bat misses you.
You miss the bat.
The bat is moderately wounded.
The bat closely misses you.
You barely miss the bat.
The bat is severely wounded.
The bat barely misses you. The bat hits you but does no damage.
You hit the bat but do no damage.
The bat is moderately wounded.
The bat closely misses you.
You hit the bat.
The bat is severely wounded.
The bat hits you.
* * * LOW HITPOINT WARNING * * *
The bat hits you.
* * * LOW HITPOINT WARNING * * *
You take 2 damage, and have 1/13 hp.
You hit the bat but do no damage.
The bat is severely wounded.
The bat hits you but does no damage.
You hit the bat but do no damage.
The bat is severely wounded.
The bat closely misses you. x2
You completely miss the bat.
The bat is severely wounded.
The bat hits you but does no damage. The bat hits you.
You die...

.██..██.. .██..█
..█ .. █
███.)██████. .██.
...........( ...█
███.████████ █...
█.███████████..██
█>..).......█.Kb
███████████.██b█
████.██@█
█....bbb█
█.██.████ █ █.█
..█


████ You could see 2 bats, a kobold and 3 friendly bats.

Vanquished Creatures
  2 goblins (D:1)
  A ball python (D:1)
3 creatures vanquished.

Vanquished Creatures (collateral kills)
  A goblin (D:1)
  A kobold (D:1)
2 creatures vanquished.

Grand Total: 5 creatures vanquished

Notes
Turn   | Place    | Note
-------+----------+-------------------------------------------
     0 | D:1      | Goblin1989 the Demonspawn Summoner began the quest for the
                  | Orb.
     0 | D:1      | Reached XP level 1. HP: 13/13 MP: 3/3
    97 | D:1      | Slain by a bat

Action                   || total
-------------------------++-------
Melee: Dagger            ||    27
       Unarmed           ||     6
 Cast: Summon Small Mamm ||     6
Armor: Robe              ||     7
Dodge: Dodged            ||    26

Levels and vault maps discovered:
D:1:      lightli_iron_boxes, layout_basic, minmay_tetromino_l4
